 Dungeon Crawl Stone Soup version 0.27.0-1-g7a089689b8 (webtiles) character file.

Game seed: 12024427466719631815

1341 EnegeticOcto the Cleaver (level 8, -2/71 HPs)
             Began as a Minotaur Fighter on Aug 8, 2021.
             Was a Believer of Trog.
             Slain by an ogre (9 damage)
             ... on level 5 of the Dungeon.
             The game lasted 00:01:25 (3840 turns).

EnegeticOcto the Cleaver (Minotaur Fighter)         Turns: 3840, Time: 00:01:27

Health: -2/71      AC: 12    Str: 24    XL:     8   Next: 35%
Magic:  7/7        EV:  8    Int:  5    God:    Trog [**....]
Gold:   119        SH: 10    Dex:  9    Spells: 7/7 levels left

rFire    . . .     SeeInvis .   a - +0 war axe
rCold    . . .     Faith    .   c - +0 kite shield
rNeg     . . .     Spirit   .   b - +0 scale mail
rPois    .         Reflect  .   v - +2 hat
rElec    .         Harm     .   f - +0 cloak
rCorr    .         Rampage  .   i - +0 pair of gloves
Will     .....                  (no boots)
Stlth    ..........             (no amulet)
HPRegen  0.21/turn              (no ring)
MPRegen  0.10/turn              (no ring)

@: on berserk cooldown, slowed, very slow
A: horns 2, retaliatory headbutt
a: Renounce Religion, Berserk, Trog's Hand


You were on level 5 of the Dungeon.
You worshipped Trog.
Trog was pleased with you.
You visited 1 branch of the dungeon, and saw 5 of its levels.

You collected 119 gold pieces.

Inventory:

Hand Weapons
 a - a +0 war axe (weapon)
Missiles
 z - 2 throwing nets (quivered)
Armour
 b - a +0 scale mail (worn)
 c - a +0 kite shield (worn)
 f - a +0 cloak (worn)
 i - a +0 pair of gloves (worn)
 v - a +2 hat (worn)
Jewellery
 l - a ring of willpower
Scrolls
 e - 7 scrolls of identify {unknown}
 g - 2 scrolls of amnesia {unknown}
 h - a scroll of blinking {unknown}
 j - 2 scrolls of teleportation {unknown}
 k - 2 scrolls of vulnerability {unknown}
 m - a scroll of enchant weapon {unknown}
 o - a scroll of immolation {unknown}
 r - a scroll of noise {unknown}
 t - a scroll of magic mapping {unknown}
 u - a scroll of fear {unknown}
 w - a scroll of summoning {unknown}
 y - a scroll of holy word {unknown}
Potions
 d - a potion of might {@q3}
 n - a potion of brilliance {unknown}
 p - a potion of degeneration {unknown}
 q - 2 potions of attraction {unknown}
 s - a potion of haste {unknown}
 x - a potion of cancellation {unknown}
 A - a potion of berserk rage {unknown}


   Skills:
 + Level 6.5 Fighting
 * Level 8.1 Axes
 + Level 6.6 Armour
 + Level 6.5 Shields


You had 7 spell levels left.
You didn't know any spells.
Your spell library was empty.

Dungeon Overview and Level Annotations

Branches:
Dungeon (5/15)
 Temple: D:4-7

Altars:
Ashenzari
Dithmenos
Fedhas
Gozag
Hepliaklqana
Kikubaaqudgha
Makhleb
Nemelex Xobeh
Trog
Vehumet
Beogh


Innate Abilities, Weirdness & Mutations

You have a pair of horns on your head.
You reflexively headbutt those who attack you in melee.


Message History

The water moccasin completely misses you.
You furiously retaliate!
You headbutt the water moccasin! You block the howler monkey's attack.
The water moccasin closely misses you. You furiously retaliate!
You headbutt the water moccasin. The howler monkey hits you.
You are too injured to fight recklessly!
You are too injured to fight recklessly!
You are too injured to fight recklessly!
You are too injured to fight recklessly!
You are too injured to fight recklessly!
You are too injured to fight recklessly!
You are too injured to fight recklessly!
You are too injured to fight recklessly!
A red film seems to cover your vision as you go berserk!
You feel yourself moving faster!
You feel mighty! You block the water moccasin's attack.
You block the howler monkey's attack.
You closely miss the howler monkey.
The howler monkey is moderately wounded.
You hit the water moccasin. You block the water moccasin's attack.
You block the howler monkey's attack. The water moccasin bites you.
You are poisoned.
The water moccasin poisons you!
You closely miss the howler monkey.
The howler monkey is moderately wounded.
You miss the water moccasin.
You feel sick. You block the howler monkey's attack.
The water moccasin completely misses you.
You furiously retaliate!
You headbutt the water moccasin!
You kill the water moccasin!
Trog accepts your kill.
You have reached level 8!
You feel stronger.
You closely miss the howler monkey. Your headbutt misses the howler monkey.
The howler monkey is moderately wounded.
You feel sick.
The howler monkey hits you but does no damage.
You closely miss the howler monkey.
The howler monkey is moderately wounded.
You hit the orc warrior.
You feel sick.
The howler monkey hoots and howls with incredible vigour!
The orc warrior hits you with a +0 scimitar.
* * * LOW HITPOINT WARNING * * *
You hear a shout!
You slash the howler monkey! You headbutt the howler monkey!
You kill the howler monkey!
Trog accepts your kill.
You hit the orc warrior.
You feel sick. The orc warrior closely misses you.
The yak gores you but does no damage. You block the centaur zombie's attack.
The centaur zombie kicks you but does no damage.
The orc warrior hits you but does no damage.
You see here a howler monkey corpse.
You hit the yak.
The yak is lightly wounded.
You slash the centaur zombie! You slash the orc warrior!
You feel sick. The yak barely misses you. You furiously retaliate!
You headbutt the yak, but do no damage.
The centaur zombie hits you but does no damage.
You block the centaur zombie's attack.
You barely miss the yak.
The yak is lightly wounded.
You slash the orc warrior! You slash the centaur zombie!
You feel sick. You block the orc warrior's attack.
The centaur zombie barely misses you.
The centaur zombie kicks you but does no damage.
You block the yak's attack.
You barely miss the yak.
The yak is lightly wounded.
You slash the centaur zombie! You slash the orc warrior!
You kill the orc warrior!
Trog accepts your kill.
You feel sick.
An ogre comes into view. It is wielding a +0 giant spiked club.
The centaur zombie hits you but does no damage.
The centaur zombie kicks you but does no damage.
You block the yak's attack.
You slash the yak! Your headbutt misses the yak.
The yak is moderately wounded.
You hit the centaur zombie.
You feel sick.
You are no longer poisoned.
You block the centaur zombie's attack. The centaur zombie barely misses you.
You slice the yak!!
The yak is almost dead.
You hit the centaur zombie.
You destroy the centaur zombie!
Trog accepts your kill.
You are no longer berserk.
You are exhausted.
You feel yourself slow down. The yak gores you.
* * * LOW HITPOINT WARNING * * *
You slash the yak!
You kill the yak!
Trog accepts your kill.
Your Axes skill increases to level 8!
Found 4 gold pieces.
You see here a yak corpse.
The ogre hits you with a +0 giant spiked club!
* * * LOW HITPOINT WARNING * * *
You slash the ogre!
The ogre is heavily wounded.
The ogre hits you with a +0 giant spiked club!
You die...

#..........#
#..........#######+#+#
####...........#......
........#.#.[.......
########.............
#...###......>. #.#.#
#.#.....#
.....#.#†O.....#
#.#......@..#...#
.....##.##......# #..
.###... ... .. #. #.#.
.## ...# .. #. .. $.


You could see an ogre.

Vanquished Creatures
  Grinder (D:3)
  A yak (D:5)
  2 water moccasins
  An orc warrior (D:5)
  A black bear (D:4)
  A necrophage (D:4)
  An ogre (D:5)
  A wyvern zombie (D:4)
  A howler monkey (D:5)
  A centaur zombie (D:5)
  A bullfrog skeleton (D:4)
  A hound (D:5)
  A jelly (D:4)
  A centaur skeleton (D:5)
  6 gnolls
  A howler monkey skeleton (D:4)
  4 adders
  A white imp (D:4)
  3 worms
  4 dart slugs
  An orc (D:3)
  3 ball pythons
  5 endoplasms
  4 giant cockroaches
  2 goblins
  4 hobgoblins
  13 jackals (D:1)
  5 quokkas
  2 bats
  5 frilled lizards
  8 kobolds
  4 rats
90 creatures vanquished.

Vanquished Creatures (others)
  6 plants
  3 withered plants (D:3)
9 creatures vanquished.

Grand Total: 99 creatures vanquished

Notes
Turn   | Place    | Note
-------+----------+-------------------------------------------
     0 | D:1      | EnegeticOcto the Minotaur Fighter began the quest for the
                  | Orb.
     0 | D:1      | Reached XP level 1. HP: 19/19 MP: 0/0
   109 | D:1      | Reached XP level 2. HP: 27/27 MP: 1/1
   117 | D:1      | Reached skill level 3 in Axes
   378 | D:1      | Reached XP level 3. HP: 33/33 MP: 2/2
   645 | D:1      | You fall into a shaft and drop 1 floor!
   803 | D:2      | Found a faded altar of an unknown god.
   827 | D:2      | Became a worshipper of Trog the Wrathful
   827 | D:2      | Reached * piety under Trog
   933 | D:2      | Reached XP level 4. HP: 36/40 MP: 3/3
  1041 | D:2      | Reached skill level 4 in Axes
  1973 | D:3      | Noticed a water moccasin
  1974 | D:3      | Found an ancient bone altar of Kikubaaqudgha.
  1982 | D:3      | Killed a water moccasin
  1983 | D:3      | Reached XP level 5. HP: 24/47 MP: 4/4
  2131 | D:3      | Found a blossoming altar of Fedhas.
  2193 | D:3      | Noticed Grinder
  2203 | D:3      | Killed Grinder
  2204 | D:3      | Reached skill level 5 in Fighting
  2204 | D:3      | Reached skill level 5 in Axes
  2204 | D:3      | Reached skill level 5 in Armour
  2204 | D:3      | Reached skill level 5 in Shields
  2204 | D:3      | Reached XP level 6. HP: 32/56 MP: 5/5
  2562 | D:3      | Found a shadowy altar of Dithmenos.
  2565 | D:3      | Found a radiant altar of Vehumet.
  2568 | D:3      | Found a hazy altar of Hepliaklqana.
  2655 | D:4      | Reached skill level 6 in Axes
  2761 | D:4      | Reached XP level 7. HP: 59/61 MP: 6/6
  3004 | D:4      | Found a sparkling altar of Nemelex Xobeh.
  3011 | D:4      | Reached ** piety under Trog
  3233 | D:4      | Found a burning altar of Makhleb.
  3664 | D:4      | Found a broken altar of Ashenzari.
  3789 | D:5      | Entered Level 5 of the Dungeon
  3792 | D:5      | Found an opulent altar of Gozag.
  3810 | D:5      | Reached skill level 7 in Axes
  3821 | D:5      | Noticed a yak
  3828 | D:5      | Reached XP level 8. HP: 36/70 MP: 7/7
  3838 | D:5      | Reached skill level 8 in Axes
  3840 | D:5      | Slain by an ogre

Illustrated notes

Levels and vault maps discovered:
D:1:      eino_arrival_water_cross, layout_loops_ring
D:2:      layout_loops_corners, hellmonk_ecumenical_altar_defaced_shrine
D:3:      layout_rooms, grunt_temple_overflow_growth_and_decay,
          grunt_temple_overflow_diamond, uniq_grinder
D:4:      layout_basic, general_overflow_altar, overflow_temple_1_default,
          kennysheep_small_circle
D:5:      layout_basic, grunt_gozag_statues, minmay_temple_entry_poolview,
          minmay_fractal_squares_5

Skill      XL: |  1  2  3  4  5  6  7  8 |
---------------+-------------------------+-----
Axes           | 3 4 5 6 7 8 |  8.1
Fighting       | 4 5 6 |  6.5
Armour         | 4 5 6 |  6.6
Shields        | 4 5 6 |  6.5

Action                   |  1- 3 |  4- 6 |  7- 9 || total
-------------------------+-------+-------+-------++-------
Melee: War axe           |    77 |    70 |    61 ||   208
       Headbutt          |    10 |     7 |    10 ||    27
Invok: Berserk           |       |     1 |     1 ||     2
Armor: Scale mail        |    70 |    34 |    28 ||   132
Dodge: Dodged            |    39 |    24 |    23 ||    86
Block: Kite shield       |    56 |    39 |    41 ||   136
